 Dungeon Sprint DCSS version 0.17-a0-1583-g2df49ec (webtiles) character file.

442 DEFE the Fighter (level 7, 0/75 HPs)
             Began as a Gargoyle Berserker on July 28, 2015.
             Was a Priest of Trog.
             Slain by Sonja
             ... wielding a +0 short sword of distortion
              (7 damage)
             ... in the Dungeon (Sprint I: "Red Sonja").
             The game lasted 00:01:08 (513 turns).

DEFE the Fighter (Gargoyle Berserker)                Turns: 513, Time: 00:01:08

Health: 0/75       AC: 18    Str: 27    XL:     7   Next: 2%
Magic:  7/7        EV:  9    Int:  8    God:    Trog [***...]
Gold:   297        SH:  0    Dex:  9    Spells: 0 memorised, 6 levels left

rFire  . . .     SeeInvis .     a - +0 mace
rCold  . . .     Clarity  .     j - +0 plate armour
rNeg   + . .     SustAt   .     (no shield)
rPois  ∞         Gourm    .     (no helmet)
rElec  +         Spirit   .     (no cloak)
rCorr  .         Warding  .     (no gloves)
rMut   .         NoTele   +     (no boots)
MR     .....                    (no amulet)
Stlth  ..........               (no ring)
                                (no ring)

@: berserking, very quick, not resistant to hostile enchantments, extremely
unstealthy
A: negative energy resistance 1, electricity resistance, unbreathing,
petrification resistance, rot immunity, AC +4
a: Burn Spellbooks, Berserk, Trog's Hand, Renounce Religion


You were in the Dungeon.
You worshipped Trog.
Trog was most pleased with you.
You were not hungry.

You visited 1 branch You collected 297 gold pieces.

Inventory:

Hand weapons
 a - a +0 mace (weapon)
Armour
 b - a +0 animal skin
 j - a +0 plate armour (worn)
Scrolls
 i - a scroll of blinking
Potions
 d - a potion of curing
 e - a potion of heal wounds
 f - a potion of haste
 g - 2 potions of magic
 h - a potion of berserk rage


   Skills:
 + Level 8.6 Fighting
 + Level 7.9 Maces & Flails
 + Level 8.1 Armour
 + Level 6.2 Dodging


You had 6 spell levels left.
You didn't know any spells.

Dungeon Overview and Level Annotations

Branches:
Dungeon (1/1)

Altars:
Elyvilon
Gozag
Kikubaaqudgha
Makhleb
Nemelex Xobeh
Okawaru
Qazlal
Ru
Sif Muna
Trog
Vehumet
Xom
Yredelemnul
Zin
The Shining One

Shops:
D :

Annotations:
D Sonja


Innate Abilities, Weirdness & Mutations

You are resistant to torment.
Your stone body is resilient (AC +4).
You are immune to poison.
You resist negative energy.
You are resistant to electric shocks.
You can survive without breathing.
You are immune to petrification.
You are immune to rotting.


Message History

A red film seems to cover your vision as you go berserk!
You feel yourself moving faster!
You feel mighty!
You feel quite a bit more hungry. Sonja hits you but does no damage.
Space bends around you. Sonja hits you but does no damage.
Sonja hits you but does no damage.
You closely miss Sonja.
Sonja is lightly wounded.
Sonja barely misses you. Sonja hits you but does no damage.
You feel a strange sense of stasis. Sonja closely misses you.
You hit Sonja.
Sonja is moderately wounded.
Sonja hits you but does no damage. Space warps horribly around you!
* * * LOW HITPOINT WARNING * * *
Sonja hits you but does no damage.
You feel a strange sense of stasis. Sonja hits you but does no damage.
Space bends around you.
* * * LOW HITPOINT WARNING * * *
You miss Sonja.
Sonja is moderately wounded.
Sonja hits you but does no damage. Space bends around you.
You die...

#..').#..'..#..+
#..#####'#####'#
#.)####..#...#.#
#..#__####..##(#
#..#_..__##'#..+
#⌠⌠#_.∩...'..._#
####_..._##_(#'#
#_____###(#[#
####### #@###


+$K$+ #$.$# ##.## #+# You could see Sonja.

Vanquished Creatures
  Sigmund (D)
  A yak (D)
  An ogre (D)
  Ijyb (D)
  A jelly (D)
5 creatures vanquished.

Vanquished Creatures (others)
  A gargoyle (D)
1 creature vanquished.

Grand Total: 6 creatures vanquished

Notes
Turn   | Place    | Note
--------------------------------------------------------------
     0 | D        | DEFE the Gargoyle Berserker began the quest for the Orb.
     0 | D        | Reached XP level 1. HP: 14/14 MP: 1/1
     4 | D        | Noticed Ijyb
    12 | D        | Killed Ijyb
    12 | D        | Reached skill level 4 in Fighting
    12 | D        | Reached XP level 2. HP: 20/20 MP: 2/2
    12 | D        | Reached XP level 3. HP: 24/24 MP: 3/3
    38 | D        | Noticed an ogre
    46 | D        | Killed an ogre
    46 | D        | Acquired Trog's second power
    46 | D        | Reached skill level 6 in Fighting
    46 | D        | Reached skill level 5 in Maces & Flails
    46 | D        | Reached skill level 5 in Armour
    46 | D        | Reached XP level 4. HP: 30/32 MP: 4/4
    83 | D        | Noticed Sigmund
    93 | D        | Killed Sigmund
    93 | D        | Reached skill level 7 in Fighting
    93 | D        | Reached skill level 5 in Dodging
    93 | D        | Reached XP level 5. HP: 24/38 MP: 5/5
    93 | D        | Reached XP level 6. HP: 27/44 MP: 6/6
   164 | D        | Killed a gargoyle
   231 | D        | Found a deep blue altar of Sif Muna.
   232 | D        | Noticed a jelly
   233 | D        | Found a radiant altar of Vehumet.
   238 | D        | Killed a jelly
   276 | D        | Found Teylus's Book Emporium.
   276 | D        | Found a white marble altar of Elyvilon.
   276 | D        | Found a stormy altar of Qazlal.
   276 | D        | Found a burning altar of Makhleb.
   276 | D        | Found a sacrificial altar of Ru.
   276 | D        | Found a basalt altar of Yredelemnul.
   276 | D        | Found a glowing golden altar of the Shining One.
   276 | D        | Found a sparkling altar of Nemelex Xobeh.
   276 | D        | Found a shimmering altar of Xom.
   276 | D        | Found an opulent altar of Gozag.
   276 | D        | Found an ancient bone altar of Kikubaaqudgha.
   276 | D        | Found a glowing silver altar of Zin.
   276 | D        | Noticed a yak
   295 | D        | Killed a yak
   295 | D        | Reached skill level 8 in Fighting
   295 | D        | Reached XP level 7. HP: 17/50 MP: 7/7
   296 | D        | Found an iron altar of Okawaru.
   297 | D        | Found a bloodstained altar of Trog.
   506 | D        | Noticed Sonja
   513 | D        | Slain by Sonja

Vault maps used:
D:        dungeon_sprint_1

Action                   |  1- 3 |  4- 6 |  7- 9 || total
-------------------------+-------+-------+-------++-------
Melee: Mace              |     8 |    29 |     4 ||    41
Invok: Berserk           |     2 |     2 |     1 ||     5
  Eat: Chunk             |       |     1 |       ||     1
       Bread ration      |       |       |     1 ||     1
